 Dungeon Crawl Stone Soup version 0.28.0-53-g5a82cb258f (webtiles) character file.

Game seed: 16534599069585255492

37 SanguineChosen the Digger (level 3, -2/20 HPs)
             Began as a Gargoyle Earth Elementalist on June 3, 2022.
             Slain by an orc
             ... wielding a +0 trident
              (3 damage)
             ... on level 3 of the Dungeon on June 4, 2022.
             The game lasted 00:18:10 (2517 turns).

SanguineChosen the Digger (GrEE)                    Turns: 2517, Time: 00:18:10

Health: -2/20      AC:  6    Str: 11    XL:     3   Next: 41%
Magic:  6/6        EV: 12    Int: 17    God:
Gold:   79         SH:  0    Dex: 10    Spells: 5/6 levels left

rFire   . . .      SeeInvis .   a - +0 dagger
rCold   . . .      Faith    .   (no shield)
rNeg    + . .      Spirit   .   b - +0 robe
rPois   ∞          Reflect  .   (no helmet)
rElec   +          Harm     .   (no cloak)
rCorr   .          Rampage  .   (no gloves)
Will    .....                   d - +0 pair of boots
Stlth   ++........              (no amulet)
HPRegen 0.06/turn               (no ring)
MPRegen 0.10/turn               (no ring)

@: no status effects
A: sickness immunity, AC +3, negative energy resistance 1, electricity
resistance, torment resistance 1, petrification resistance
a: no special abilities


You were on level 3 of the Dungeon.
You visited 1 branch of the dungeon, and saw 3 of its levels.

You collected 79 gold pieces.

Inventory:

Hand Weapons
 a - a +0 dagger (weapon)
 e - a +0 short sword
Missiles
 c - 43 stones
Armour
 b - a +0 robe (worn)
 d - a +0 pair of boots (worn)
Jewellery
 g - a +4 ring of evasion
Wands
 l - a wand of mindburst (16)
Scrolls
 f - 2 scrolls of identify {unknown}
 j - a scroll of fear {unknown}
Potions
 h - 2 potions of brilliance {unknown}
 i - a potion of cancellation {unknown}
 k - a potion of curing {unknown}


   Skills:
 + Level 0.3 Fighting
 + Level 0.8 Short Blades
 + Level 1.7 Dodging
 + Level 2.4 Stealth
 + Level 0.1 Unarmed Combat
 + Level 2.3 Spellcasting
 + Level 1.0 Transmutations
 + Level 4.2 Earth Magic


You had 5 spell levels left.
You knew the following spells:

 Your Spells              Type           Power      Damage    Failure   Level
a - Sandblast             Erth           32%        2d9       3%          1

Your spell library contained the following spells:

 Spells                   Type           Power      Damage    Failure   Level
 Passwall                 Tmut/Erth      8%         N/A       10%         2
 Stone Arrow              Conj/Erth      18%        3d8       24%         3
 Blink                    Tloc           2%         N/A       28%         2
 Petrify                  Tmut/Erth      10%        N/A       54%         4
 Manifold Assault         Tloc           1%         N/A       99%         5
 Storm Form               Tmut/Air       1%         N/A       100%        7


Dungeon Overview and Level Annotations

Branches:
Dungeon (3/15)

Altars:
Wu Jian

Shops:
D:1 (


Innate Abilities, Weirdness & Mutations

You are immune to sickness and miasma.
Your stone body is resilient. (AC +3)
You are immune to poison.
You resist negative energy. (rN+)
You are resistant to electric shocks. (rElec)
You are resistant to unholy torment.
You are immune to petrification.


Message History

You see here a +0 dagger.
As you open the door, it creaks loudly!
Found a ring mail.
There is an open door here.
An orc wizard comes into view. It is wielding a +0 dagger.
An orc comes into view. It is wielding a +0 mace.
The orc wizard shouts!
An orc comes into view. It is wielding a +0 trident.
The orc shouts!
A ball python comes into view.
You see here a +0 club.
You barely miss the orc wizard.
The orc wizard hits you with a +0 dagger.
You completely miss the orc wizard. The orc wizard barely misses you.
The orc closely misses you.
You barely miss the orc wizard. The orc wizard casts a spell at you.
You resist with significant effort.
The orc hits you from afar with a +0 trident!
The orc misses you.
You hit the orc wizard but do no damage.
The orc wizard points at you and mumbles some strange words.
The magic dart hits you.
* * * LOW HITPOINT WARNING * * *
The orc hits you but does no damage. The orc closely misses you.
You hit the orc wizard.
The orc wizard is lightly wounded.
The orc wizard misses you.
The orc hits you from afar with a +0 trident.
* * * LOW HITPOINT WARNING * * *
The orc closely misses you.
You hit the orc wizard.
The orc wizard is lightly wounded.
The ball python bites you but does no damage.
The ball python barely misses you.
The orc wizard gestures wildly while chanting.
The orc wizard flickers and vanishes!
Deactivating autopickup; reactivate with Ctrl-A.
The orc hits you from afar with a +0 trident.
You die...

.........#.# #.........#
..[......#.###...†.....#
.............#.........#
................>......#
.###.....#.#........####
#####....##.#.##.#
#.......#.##.#
#....##.#.##.#
#@...####.##.#
......S{o..# #.##.#
##...o......# #.##.#
#..........# #.##.#
#..........# #.##.#
#..........# #.##.#
#..........###.##.#
#.................#
#...>.###.####


You could see 2 orcs and a ball python.

Vanquished Creatures
  A worm (D:2)
  A dart slug (D:2)
  2 endoplasms (D:1)
  2 hobgoblins (D:1)
  4 jackals (D:1)
  5 kobolds
  2 quokkas
  3 ball pythons
  2 bats
  3 frilled lizards
  3 goblins
  2 rats
30 creatures vanquished.

Vanquished Creatures (others)
  A plant (D:1)
1 creature vanquished.

Grand Total: 31 creatures vanquished

Notes
Turn   | Place    | Note
-------+----------+-------------------------------------------
     0 | D:1      | SanguineChosen the Gargoyle Earth Elementalist began the
                  | quest for the Orb.
     0 | D:1      | Reached XP level 1. HP: 10/10 MP: 3/3
    41 | D:1      | Reached skill level 1 in Transmutations
   370 | D:1      | Reached skill level 4 in Earth Magic
   370 | D:1      | Reached XP level 2. HP: 15/15 MP: 5/5
   757 | D:1      | Found Ukusch's Weapon Boutique.
   844 | D:1      | Found a faded altar of an unknown god.
  1426 | D:2      | Found an ornate altar of the Wu Jian Council.
  1454 | D:2      | Reached XP level 3. HP: 15/19 MP: 3/6
  2516 | D:3      | HP: 1/20 [orc/+0 trident (5)]
  2517 | D:3      | Slain by an orc

Illustrated notes

Levels and vault maps discovered:
D:1:      evilmike_arrival_plus, layout_loops_cross, serial_shops,
          nicolae_shop_window_shopping, shapermc_ecumenical_altar_mp_ritualfount
D:2:      layout_loops_ring, basic_altar
D:3:      layout_basic, gammafunk_ghost_necromancy

Skill      XL: |  1 |
---------------+----+-----
Transmutations | 1 |  1.0
Earth Magic    | 4 |  4.2
Fighting       | |  0.3
Short Blades   | |  0.8
Dodging        | |  1.7
Stealth        | |  2.4
Unarmed Combat | |  0.1
Spellcasting   | |  2.3

Action                   || total
-------------------------++-------
Melee: Dagger            ||    73
       Unarmed           ||     4
 Cast: Sandblast         ||    22
 Stab: Sleeping          ||     2
Armor: Robe              ||    34
Dodge: Dodged            ||    57
